Map: Глубоководный риф РВ

Players

WayTeh - Winner!

  • Race: Protoss Protoss
  • League: Master
  • Spawn Location: 11:00

ИИ 2 (новичок)

  • Race: Zerg Zerg
  • Spawn Location: 5:00

VOD

Have the link to the VOD?

Description

Time

  • Played on: April 11, 2017, 7:37 a.m.
  • Length: 8:54
Show
View Real Time Build Order
Export as new Build Order

WayTeh Protoss - Winner!

Build Orders: 1 Gate Expand 

Get SALT Encoding   

  12  0:01  Probe (Chrono Boost)  
  13  0:11  Probe (Chrono Boost)  
  14  0:18  Pylon  
  14  0:22  Probe (Chrono Boost)  
  15  0:37  Probe (Chrono Boost)  
  15  0:40  Gateway  
  16  0:47  Probe (Chrono Boost)  
  17  0:50  Assimilator  
  17  0:58  Probe (Chrono Boost)  
  18  1:08  Probe (Chrono Boost)  
  19  1:23  Nexus  
  19  1:35  Cybernetics Core  
  19  1:40  Assimilator  
  19  1:42  Probe (Chrono Boost)  
  20  1:48  Pylon  
  20  1:52  Probe (Chrono Boost)  
  21  2:03  Probe (Chrono Boost)  
  22  2:08  Adept  
  22  2:14  Warp Gate  
  25  2:16  Probe (Chrono Boost)  
  25  2:28  Probe (Chrono Boost)  
  26  2:32  Twilight Council  
  26  2:36  Adept, Probe (Chrono Boost)  
  27  2:40  Probe (Chrono Boost)  
  30  2:46  Probe (Chrono Boost)  
  30  2:50  Probe (Chrono Boost)  
  32  2:56  Resonating Glaives  
  32  2:57  Probe (Chrono Boost)  
  33  3:01  Adept, Probe (Chrono Boost)  
  36  3:08  Probe (Chrono Boost), Pylon  
  38  3:13  Probe (Chrono Boost)  
  38  3:20  Gateway  
  38  3:21  Gateway  
  38  3:25  Probe (Chrono Boost)  
  40  3:27  Probe (Chrono Boost)  
  40  3:30  Adept  
  42  3:37  Probe (Chrono Boost)  
  42  3:39  Probe (Chrono Boost)  
  45  3:50  Mothership Core (Chrono Boost), Probe (Chrono Boost)  
  45  3:51  Pylon  
  47  4:02  Probe (Chrono Boost)  
  48  4:08  Probe (Chrono Boost)  
  49  4:14  Probe (Chrono Boost)  
  49  4:17  Adept  
  52  4:18  Adept  
  52  4:21  Adept  
  56  4:28  Nexus, Pylon  
  56  4:31  Pylon  
  56  4:40  Pylon  
  56  4:42  Robotics Facility  
  56  4:44  Forge  
  56  4:47  Pylon  
  56  4:48  Assimilator  
  56  4:49  Probe x2 (Chrono Boost)  
  56  4:50  Assimilator  
  58  4:59  Probe x2 (Chrono Boost)  
  60  5:05  Protoss Ground Weapons Level 1  
  60  5:09  Adept x3  
  60  5:10  Probe (Chrono Boost)  
  67  5:17  Probe (Chrono Boost)  
  67  5:20  Probe (Chrono Boost)  
  69  5:28  Probe (Chrono Boost), Immortal  
  70  5:32  Probe (Chrono Boost)  
  75  5:35  Blink  
  75  5:40  Pylon, Probe (Chrono Boost)  
  75  5:41  Probe (Chrono Boost)  
  78  5:44  Probe (Chrono Boost)  
  78  5:51  Probe (Chrono Boost)  
  78  5:52  Probe (Chrono Boost)  
  78  5:56  Adept x3, Probe (Chrono Boost)  
  87  6:02  Probe (Chrono Boost)  
  89  6:05  Probe (Chrono Boost)  
  89  6:06  Gateway  
  89  6:07  Gateway  
  89  6:08  Probe (Chrono Boost)  
  89  6:09  Gateway  
  90  6:12  Gateway  
  90  6:14  Gateway  
  90  6:17  Probe (Chrono Boost), Immortal  
  90  6:18  Probe (Chrono Boost)  
  97  6:26  Probe (Chrono Boost)  
  97  6:28  Sentry x3  
  104  6:33  Probe (Chrono Boost)  
  104  6:34  Probe (Chrono Boost)  
  104  6:38  Probe (Chrono Boost)  
  106  6:42  Assimilator  
  106  6:43  Assimilator, Probe (Chrono Boost)  
  106  6:46  Probe (Chrono Boost), Pylon  
  108  6:47  Pylon  
  108  6:50  Probe (Chrono Boost)  
  109  6:56  Probe (Chrono Boost)  
  109  6:57  Warp Prism  
  112  7:11  Stalker  
  112  7:12  Stalker x6  
  112  7:13  Sentry  
  128  7:24  Probe (Chrono Boost)  
  128  7:25  Probe x2 (Chrono Boost)  
  131  7:40  Nexus  
  131  7:41  Pylon  
  131  7:44  Pylon  
  131  7:46  Stalker  
  133  7:54  Pylon  
  133  7:56  Pylon  
  133  7:58  Pylon  
  133  8:00  Pylon  
  133  8:02  Pylon  
  133  8:11  Stalker x8  
  149  8:36  Stalker x8  
Show
View Real Time Build Order
Export as new Build Order

ИИ 2 (новичок) Zerg 

Build Orders: Pool First 

Get SALT Encoding   

  12  0:01  Drone  
  13  0:12  Overlord  
  13  0:17  Drone  
  14  0:36  Spawning Pool  
  14  0:38  Extractor  
  14  0:40  Drone  
  13  0:47  Drone  
  14  0:52  Overlord  
  14  1:24  Zergling x2, Queen  
  17  1:33  Roach Warren  
  17  1:35  Extractor  
  17  1:39  Drone  
  16  1:46  Drone  
  17  1:53  Zergling x2  
  18  2:07  Drone  
  19  2:14  Drone  
  20  2:22  Zergling x2, Drone  
  22  2:32  Overlord  
  22  2:38  Drone  
  23  2:45  Drone  
  24  2:52  Roach, Drone  
  27  5:05  Zergling x2  
  28  5:10  Drone  
  28  5:33  Roach  
  30  6:02  Zergling x2  
  31  7:35  Lair, Drone  
  31  7:36  Overlord  
  32  7:42  Drone  
  33  7:44  Hatchery  
  33  7:49  Drone  
  33  7:54  Zergling x2  
  33  7:57  Drone  
  26  8:04  Drone  
  26  8:23  Zergling x2  
  26  8:24  Drone  
  26  8:25  Overlord  
  25  8:32  Overseer  
  20  8:35  Drone  
  6  8:42  Drone  
Tags
 
Add a new tag
Caveats
  • Supply blocks, unpowered buildings, or Contaminate may cause inaccurate times.
  • Supply counts are checked every 10 seconds.